 Dungeon Crawl Stone Soup version 0.19-a0-1047-g4b671ad (webtiles) character file.

164 Rome the Skirmisher (level 5, -2/46 HPs)
             Began as a Centaur Fighter on July 31, 2016.
             Slain by an iguana (7 damage)
             ... on level 3 of the Dungeon.
             The game lasted 00:17:27 (3676 turns).

Rome the Skirmisher (Centaur Fighter)               Turns: 3676, Time: 00:17:29

Health: -2/46      AC:  6    Str: 20    XL:     5   Next: 21%
Magic:  5/5        EV:  5    Int:  5    God:
Gold:   140        SH:  8    Dex:  8    Spells: 0 memorised, 4 levels left

rFire  . . .     SeeInvis .     a - +0 long sword
rCold  . . .     Gourm    .     b - +0 scale mail
rNeg   . . .     Faith    .     c - +0 shield
rPois  .         Spirit   .     (no helmet)
rElec  .         Dismiss  .     (no cloak)
rCorr  .         Reflect  .     (no gloves)
SustAt .         Harm     .     (no barding)
MR     .....                    (no amulet)
Stlth  ..........               (no ring)
                                (no ring)

@: very quick, not resistant to hostile enchantments, extremely unstealthy
A: hooves 3, deformed body, dopey 1, speed 2, tough skin 3, evolution 1
a: no special abilities


You were on level 3 of the Dungeon.
You were full.

You visited 1 branch of the dungeon, and saw 4 of its levels.

You collected 140 gold pieces.

Inventory:

Hand Weapons
 a - a +0 long sword (weapon)
Missiles
 y - 6 tomahawks (quivered)
Armour
 b - a +0 scale mail (worn)
 c - a +0 shield (worn)
Jewellery
 q - a +2 ring of protection {unknown}
 w - an uncursed amulet of faith {unknown}
Scrolls
 e - 4 scrolls of identify {unknown}
 f - a scroll of enchant weapon {unknown}
 h - a scroll of magic mapping {unknown}
 i - 2 scrolls of remove curse {unknown}
 j - a scroll of random uselessness {unknown}
 k - 2 scrolls of teleportation {unknown}
 l - a scroll of noise {unknown}
 n - a scroll of immolation {unknown}
 u - a scroll of fear {unknown}
Potions
 d - a potion of might
 g - 4 potions of flight {unknown}
 m - a potion of agility {unknown}
 o - a potion of curing {unknown}
 v - a potion of lignification {unknown}
 x - 2 potions of cure mutation {unknown}
 z - a potion of cancellation {unknown}
Comestibles
 p - a meat ration
 s - a royal jelly


   Skills:
 + Level 4.1 Fighting
 + Level 2.3 Long Blades
 + Level 2.9 Armour
 + Level 0.4 Dodging
 + Level 2.9 Shields


You had 4 spell levels left.
You didn't know any spells.

Dungeon Overview and Level Annotations

Branches:
Dungeon (4/15)
 Temple: D:4-7

Altars:
Pakellas
Vehumet


Innate Abilities, Weirdness & Mutations

You have hooves in place of feet.
Armour fits poorly on your strangely shaped body.
You cover ground very quickly.
You have extremely tough skin. (AC +3)
You are dopey. (Int -2)
You evolve.


Message History

You continue eating. x2
You finish eating.
That bread ration really hit the spot!
You start resting.
An iguana comes into view.
You hit the iguana but do no damage. Your kick misses the iguana.
The iguana bites you!
You slash the iguana! You kick the iguana, but do no damage.
The iguana is heavily wounded.
The iguana bites you!
* * * LOW HITPOINT WARNING * * *
You hit the iguana but do no damage. You kick the iguana, but do no damage.
The iguana is heavily wounded.
The iguana bites you.
* * * LOW HITPOINT WARNING * * *
The iguana bites you.
* * * LOW HITPOINT WARNING * * *
You closely miss the iguana. You kick the iguana.
The iguana is severely wounded.
The iguana bites you!
You die...

#.###.#.# # #########.###.#.# #
#......##.##..#.# #
##....<.##.....>.# #
#..............#.# #
#.......##...#...# ##
#.......##..###..# .#
#............#...# ##
#.......##.#l@.#.#
.###.#####.##.......#
###..............####
..#.###.#.##.#.#.#
#.#.#...#....#.#.########### #
........###..#....#........## #
###.#...#...#####.#.###.....#####
.##.....#....#..<.#.##......#....
#######...##.#..............#.##.


You could see an iguana.

Vanquished Creatures
  An orc priest (D:3)
  4 gnolls (D:2)
  2 adders (D:3)
  2 worms (D:3)
  2 dart slugs
  A giant gecko (D:2)
  6 orcs (D:3)
  10 giant cockroaches
  4 goblins
  5 hobgoblins
  4 bats
  6 giant newts
  8 kobolds
  10 rats
65 creatures vanquished.

Vanquished Creatures (others)
  A goblin (D:2)
  A rat (D:2)
2 creatures vanquished.

Grand Total: 67 creatures vanquished

Notes
Turn   | Place    | Note
-------+----------+-------------------------------------------
     0 | D:1      | Rome the Centaur Fighter began the quest for the Orb.
     0 | D:1      | Reached XP level 1. HP: 19/19 MP: 1/1
   260 | D:1      | Reached XP level 2. HP: 26/26 MP: 2/2
  1124 | D:2      | Found a radiant altar of Vehumet.
  1191 | D:2      | Reached XP level 3. HP: 19/31 MP: 3/3
  1710 | D:2      | Reached XP level 4. HP: 26/40 MP: 4/4
  2564 | D:3      | Found an oddly glowing altar of Pakellas.
  2840 | D:3      | Reached skill level 4 in Fighting
  2995 | D:3      | Reached XP level 5. HP: 34/46 MP: 5/5
  3018 | D:3      | Gained mutation: You evolve. [potion of mutation]
  3018 | D:3      | Gained mutation: You regenerate slowly when monsters are visible. [potion of mutation]
  3018 | D:3      | Gained mutation: You are dopey. (Int -2) [potion of mutation]
  3283 | D:3      | Lost mutation: You regenerate slowly when monsters are visible. [evolution]
  3676 | D:3      | Slain by an iguana

Vault maps used:
D:1:      ncdulo_smallfort, interstate_on_off
D:2:      fiery_altar_vehumet, gammafunk_temple_overflow_wave,
          minmay_pentomino_z4
D:3:      lemuel_coloured_pillars_altar, first_bread, minivault_23,
          kennysheep_generic_room_11
D:4:      uniq_menkaure, uniq_pikel

Skill      XL: |  1  2  3  4 |
---------------+-------------+-----
Long Blades    | 2 |  2.3
Fighting       | 4 |  4.1
Armour         | |  2.9
Dodging        | |  0.4
Shields        | |  2.9

Action                   |  1- 3 |  4- 6 || total
-------------------------+-------+-------++-------
Melee: Long sword        |    96 |   140 ||   236
       Kick              |    16 |    28 ||    44
  Use: Potion            |       |     1 ||     1
  Eat: Bread ration      |       |     2 ||     2
       Fruit             |       |     3 ||     3
Armor: Scale mail        |    28 |    57 ||    85
Dodge: Dodged            |    24 |    23 ||    47
Block: Shield            |    33 |    60 ||    93
